 Dungeon Crawl Stone Soup version 0.18-a0-1179-g120c792 (webtiles) character file.

146 Proton the Shield-Bearer (level 5, -7/42 HPs)
             Began as a Formicid Fighter on Jan 27, 2016.
             Mangled by an orc priest
             ... wielding a +0 war axe
              (10 damage)
             ... on level 4 of the Dungeon.
             The game lasted 00:05:16 (2578 turns).

Proton the Shield-Bearer (Formicid Fighter)         Turns: 2578, Time: 00:05:16

Health: -7/42      AC:  8    Str: 22    XL:     5   Next: 53%
Magic:  5/5        EV:  8    Int:  4    God:
Gold:   176        SH:  0    Dex: 10    Spells: 0 memorised, 4 levels left

rFire  . . .     SeeInvis +     a - +0 long sword
rCold  . . .     Gourm    .     b - +0 scale mail
rNeg   . . .     Faith    .     c - +0 shield
rPois  .         Spirit   .     (helmet unavailable)
rElec  .         Dismiss  .     q - +0 cloak (curse)
rCorr  +         Reflect  .     (no gloves)
SustAt .         Harm     .     (no boots)
MR     .....                    t - amulet of magic regeneration
Stlth  ..........               w - ring of resist corrosion
                                i - -3 ring of intelligence (curse)

@: confused, lethally poisoned (-7 -> -13), not resistant to hostile
enchantments, extremely unstealthy
A: permanent stasis, dig shafts and tunnels, four strong arms, antennae 3
a: Dig, Shaft Self


You were on level 4 of the Dungeon.
You were hungry.

You visited 1 branch of the dungeon, and saw 4 of its levels.

You collected 176 gold pieces.

Inventory:

Hand Weapons
 a - a +0 long sword (weapon)
Armour
 b - a +0 scale mail (worn)
 c - a +0 shield (worn)
 q - a cursed +0 cloak (worn)
Jewellery
 i - a cursed -3 ring of intelligence (left hand)
 t - an amulet of magic regeneration (around neck)
 w - a ring of resist corrosion (right hand)
Scrolls
 e - 3 scrolls of recharging {unknown}
 h - 2 scrolls of remove curse {unknown}
 k - 3 scrolls of identify {unknown}
 m - a scroll of random uselessness {unknown}
 n - 3 scrolls of enchant armour {unknown}
 y - a scroll of noise {unknown}
Potions
 d - 5 potions of might
 g - 3 potions of lignification {unknown}
 j - a potion of agility {unknown}
 l - 3 potions of curing {unknown}
 o - 2 potions of flight {unknown}
 p - 2 potions of magic {unknown}
 r - 4 potions of poison {unknown}
 u - 2 potions of cancellation {unknown}
 v - 2 potions of brilliance {unknown}
 x - a potion of ambrosia {unknown}
Comestibles
 f - 2 bread rations
 s - 2 meat rations


   Skills:
 + Level 4.0 Fighting
 + Level 3.0 Long Blades
 + Level 4.1 Armour
 + Level 1.2 Dodging
 + Level 4.7 Shields


You had 4 spell levels left.
You didn't know any spells.

Dungeon Overview and Level Annotations

Branches:
Dungeon (4/15)
 Temple: D:4-7

Altars:
Kikubaaqudgha
Xom
Yredelemnul
The Shining One


Innate Abilities, Weirdness & Mutations

You are under a permanent stasis effect.
You can dig through walls and to a lower floor.
Your four strong arms can wield two-handed weapons with a shield.
You have a pair of large antennae on your head (SInv).


Message History

The adder poisons you!
You hit the orc priest but do no damage.
You feel sick. The orc hits you.
The orc wizard hits you with a dagger of protection.
* * * LOW HITPOINT WARNING * * *
The orc hits you with a flail.
* * * LOW HITPOINT WARNING * * *
The adder bites you but does no damage. The orc priest barely misses you.
The orc wizard barely misses you. The orc barely misses you.
You barely miss the orc priest. The adder bites you but does no damage.
The orc barely misses you.
The orc priest miscasts a cantrip.
The adder closely misses you. The orc wizard barely misses you.
The orc barely misses you.
You miss the orc.
You feel sick. The adder bites you.
* * * LOW HITPOINT WARNING * * *
You are lethally poisoned!
The adder poisons you! The orc barely misses you.
The orc priest hits you with a war axe!
You die...

##...# #####
##..## ###
##..# ..<##
#..# ....(##
#..#
.......##..#
........#..#
.......o...#
......S@...#
......ooo..#
............#
.........#..#
.........#>...
............##.
.............
#....##...# ..


You could see an orc priest, an orc wizard (invisible), an adder and 2 orcs.

Vanquished Creatures
  Jessica (D:3)
  Ijyb (D:2)
  An adder (D:2)
  3 giant geckos
  4 orcs (D:3)
  10 bats
  4 giant cockroaches
  10 hobgoblins
  5 jackals (D:1)
  16 kobolds
  5 giant newts
  7 goblins
  9 rats
76 creatures vanquished.

Notes
Turn   | Place    | Note
--------------------------------------------------------------
     0 | D:1      | Proton the Formicid Fighter began the quest for the Orb.
     0 | D:1      | Reached XP level 1. HP: 18/18 MP: 1/1
   123 | D:1      | Reached XP level 2. HP: 16/24 MP: 2/2
   508 | D:1      | Reached XP level 3. HP: 24/29 MP: 3/3
   523 | D:1      | Reached skill level 4 in Shields
   913 | D:2      | Noticed Ijyb
   927 | D:2      | Killed Ijyb
   927 | D:2      | Reached XP level 4. HP: 32/35 MP: 4/4
   948 | D:2      | Found an ancient bone altar of Kikubaaqudgha.
  1113 | D:2      | Found a glowing golden altar of the Shining One.
  1117 | D:2      | Reached skill level 1 in Dodging
  1119 | D:2      | Noticed an angel
  1266 | D:2      | Found a basalt altar of Yredelemnul.
  1268 | D:2      | Noticed a profane servitor
  1799 | D:3      | Reached XP level 5. HP: 23/42 MP: 5/5
  1933 | D:3      | Noticed Jessica
  1941 | D:3      | Killed Jessica
  2362 | D:3      | Found a shimmering altar of Xom.
  2578 | D:4      | Mangled by an orc priest

Vault maps used:
D:1:      dpeg_arrival_fog
D:2:      grunt_temple_overflow_holy_war, kiku_gazebo_garden_becter, uniq_iyjb
D:3:      forest_paths, lemuel_doored_altar, first_bread, uniq_jessica
D:4:      okawaru_ov_weapons_minmay, lemuel_coloured_pillars_altar,
          serial_park_tiny_1

Action                   |  1- 3 |  4- 6 || total
-------------------------+-------+-------++-------
Melee: Long sword        |   104 |   151 ||   255
 Stab: Distracted        |       |     1 ||     1
  Eat: Chunk             |       |     5 ||     5
